 Dungeon Crawl Stone Soup version 0.30-a0-365-ge7f957f1db (webtiles) character file.

Game seed: 2811001428900694218

287 mopl the Sneak (level 6, -6/42 HPs)
             Began as an Octopode Brigand on Nov 17, 2022.
             Mangled by an orc
             ... wielding a +0 flail
              (9 damage)
             ... on level 2 of the Dungeon.
             The game lasted 00:02:29 (1638 turns).

mopl the Sneak (Octopode Brigand)                   Turns: 1638, Time: 00:02:30

Health: -6/42      AC:  1    Str: 10    XL:     6   Next: 30%
Magic:  6/6        EV: 12    Int: 15    God:
Gold:   84         SH:  0    Dex: 14    Spells: 5/5 levels left

rFire   . . .      SeeInvis .    a - +2 dagger (venom)
rCold   . . .      Faith    .    (no shield)
rNeg    . . .      Spirit   .    (helmet restricted)
rPois   .          Reflect  .    (no amulet)
rElec   .          Harm     .    (no ring)
rCorr   .          Rampage  .    (no ring)
Will    .....                    (no ring)
Stlth   ++++......               (no ring)
HPRegen 0.27/turn                (no ring)
MPRegen 0.10/turn                (no ring)
                                 (no ring)
                                 (no ring)

@: no status effects
A: almost no armour, amphibious, 8 rings, camouflage 1, gelatinous body 1,
(nimble swimmer 1), tentacles
a: no special abilities


You were on level 2 of the Dungeon.
You visited 1 branch of the dungeon, and saw 3 of its levels.

You collected 84 gold pieces.

Inventory:

Hand Weapons
 a - a +2 dagger of venom (weapon)
Missiles
 b - 19 poisoned darts (quivered)
 c - 3 curare-tipped darts
Jewellery
 h - an amulet of faith {!P}
Wands
 m - a wand of light (10)
 o - a wand of digging (5)
Scrolls
 e - a scroll of fog {unknown}
 f - 4 scrolls of teleportation {unknown}
 g - 2 scrolls of identify
 i - 2 scrolls of enchant armour {unknown}
 l - 2 scrolls of enchant weapon {unknown}
 n - a scroll of brand weapon {unknown}
Potions
 d - a potion of flight
 j - a potion of curing
 k - a potion of berserk rage {!q}


   Skills:
 + Level 3.5 Fighting
 - Level 2.0(2.7) Short Blades
 + Level 2.8(3.2) Long Blades
 + Level 3.5 Throwing
 - Level 1.0 Dodging
 + Level 6.9 Stealth


You had 5 spell levels left.
You didn't know any spells.
Your spell library contained the following spells:

 Spells                   Type           Power      Damage    Failure   Level
 Freeze                   Ice            0%         1d3       26%         1
 Frozen Ramparts          Ice            0%         1d1       63%         3
 Hailstorm                Conj/Ice       0%         3d3       63%         3


Dungeon Overview and Level Annotations

Branches:
Dungeon (3/15)

Altars:

Annotations:
D:2 dig


Innate Abilities, Weirdness & Mutations

You cannot wear most types of armour.
You are amphibious.
You can wear up to eight rings at the same time.
Your skin changes colour to match your surroundings (Stealth+).
Your rubbery body absorbs attacks. (AC +1, EV +1)
((You are camouflaged when in or above water. (Stealth+)))
You have tentacles for arms and can constrict up to eight enemies at once.


Message History

An orc priest, an orc and a bat come into view.
The orc barely misses you.
Unknown command.
The orc shouts!
The bat hits you but does no damage.
The orc shouts!
You hear an angry hiss.
The orc priest shouts!
The bat closely misses you. The orc hits you with a +0 falchion.
You hear a shout! x2
The bat hits you. The orc hits you with a +0 falchion.
The bat closely misses you.
You hit the bat.
The bat is poisoned.
You grab the bat.
The bat is severely wounded.
You constrict the bat.
You kill the bat!
The orc hits you with a +0 flail. The orc barely misses you.
Found a knobbly runed staff.
The orc priest calls down the wrath of Beogh upon you.
Beogh smites you!
Unknown command.
The orc attacks as you move away! The orc barely misses you.
Found a stone staircase leading up.
The orc attacks as you move away! The orc hits you with a +0 flail.
The orc attacks as you move away! The orc hits you with a +0 flail.
The orc attacks as you move away! The orc closely misses you.
The orc priest looks braver for a moment.
The orc attacks as you move away! The orc hits you with a +0 flail.
You see here a staff of cold.
The orc attacks as you move away! The orc hits you with a +0 flail.
* * * LOW HITPOINT WARNING * * *
There is a stone staircase leading up here.
The orc hits you with a +0 flail!
* * * LOW HITPOINT WARNING * * *
You climb upwards.
Level annotation: dig
There is a stone staircase leading down here.
Unknown command.
You barely miss the orc. Your grab misses the orc.
The orc hits you with a +0 flail!
You die...

#......#.#.# #####......#.#.#
#####....#+#'#.#.#.####
#........#.#.#...#....#
#......)<#.#.########.#
#........#.#.......##.# #######
#........#.........##.# #.....#
#...........#########.#
#.....#####...@o.............[#
#..............##...#.....##...
#...............#...#.....##...
#...............#...#.....##...
#....)..........#####.....##...
#....).......##.##........#####
#............##.##.##.....#
#####..............######.#####
########...#...# ##.......


You could see an orc.

Vanquished Creatures
  Sigmund (D:2)
  Jessica (D:2)
  An orc wizard (D:3)
  2 adders
  A worm (D:2)
  5 orcs
  7 ball pythons (D:1)
  5 endoplasms
  2 giant cockroaches
  6 goblins
  5 hobgoblins
  A quokka (D:1)
  5 bats
  A frilled lizard (D:3)
  3 kobolds
  A rat (D:2)
47 creatures vanquished.

Notes
Turn   | Place    | Note
-------+----------+-------------------------------------------
     0 | D:1      | mopl the Octopode Brigand began the quest for the Orb.
     0 | D:1      | Reached XP level 1. HP: 14/14 MP: 1/1
   167 | D:1      | Reached XP level 2. HP: 19/19 MP: 2/2
   396 | D:1      | Reached skill level 1 in Long Blades
   573 | D:2      | Reached XP level 3. HP: 25/25 MP: 3/3
   615 | D:2      | Identified the +1 leather armour of Ignis's Castigation
                  | {Int+4}
   653 | D:2      | Noticed Sigmund
   676 | D:2      | Killed Sigmund
   677 | D:2      | Reached skill level 3 in Fighting
   677 | D:2      | Reached skill level 2 in Long Blades
   677 | D:2      | Reached skill level 3 in Throwing
   677 | D:2      | Reached skill level 6 in Stealth
   677 | D:2      | Reached XP level 4. HP: 31/31 MP: 4/4
   677 | D:2      | Reached XP level 5. HP: 36/36 MP: 5/5
   788 | D:2      | Noticed Jessica
   803 | D:2      | Killed Jessica
   829 | D:2      | Reached XP level 6. HP: 42/42 MP: 6/6
  1636 | D:3      | HP: 2/42 [orc/+0 flail (7)]
  1638 | D:2      | Mangled by an orc

Illustrated notes

Levels and vault maps discovered:
D:1:      tarquinn_simple_flora_water_e, layout_loops_ring
D:2:      mumra_celtic_spiral_tile, layout_basic, nrook_loot_triangle,
          item_on_display_b, uniq_sigmund, uniq_jessica
D:3:      layout_loops_ring, grunt_qazlal_sundering,
          shapermc_ecumenical_altar_mp_vishouse, minmay_ruptured

Skill      XL: |  1  2  3 |
---------------+----------+-----
Long Blades    | 1 2 |  2.8
Fighting       | 3 |  3.5
Throwing       | 3 |  3.5
Stealth        | 6 |  6.9
Short Blades   | |  2.0
Dodging        | |  1.0

Action                   |  1- 3 |  4- 6 || total
-------------------------+-------+-------++-------
Melee: Dagger            |    38 |    32 ||    70
       Constrict         |    10 |     5 ||    15
       Tentacles         |     6 |     7 ||    13
Throw: Dart              |     8 |     4 ||    12
  Use: Scroll            |       |     3 ||     3
 Stab: Sleeping          |    11 |    12 ||    23
Armor: Skin              |     4 |     1 ||     5
Dodge: Dodged            |    18 |    11 ||    29

Table legend: (Time is in decaauts)
 A = Elapsed time spent in this place.
 B = Non-inter-level travel time spent in this place.
 C = Inter-level travel time spent in this place.
 D = Time resting spent in this place.
 E = Time spent auto-exploring this place.
 F = Levels seen in this place.
 G = Mean time per level.
                   A        B        C        D        E       F      G
               +--------+--------+--------+--------+--------+-----+--------+
         Total |   1628 |   1567 |     61 |      0 |   1207 |   3 |  542.7 |
       Dungeon |   1628 |   1567 |     61 |      0 |   1207 |   3 |  542.7 |
               +--------+--------+--------+--------+--------+-----+--------+

Top non-repeatable levels by time:
     D:2: 876 daAuts
     D:1: 550 daAuts
     D:3: 201 daAuts
